Workbook

Sheet ORÇAMENTO GINÁSIO
A1: PROJETO: PROJETO DE ADEQUAÇÃO À ACESSIBILIDADE, REFORMA E AMPLIAÇÃO DO GINÁSIO DE ESPORTES MUNICIPAL - CENTRO - QUILOMBO/SC ÁREA DE ADEQUAÇÃO: 2.194,97 m² | I1: PLANILHA
I2: A1
A3: MUNICÍPIO: QUILOMBO - SC | I3: FOLHA Nº
A4: PROJETO: PROJETO DE ADEQUAÇÃO À ACESSIBILIDADE, REFORMA E AMPLIAÇÃO DO GINÁSIO DE ESPORTES MUNICIPAL - CENTRO - QUILOMBO/SC ÁREA DE ADEQUAÇÃO: 2.225,60 m² | I4: 001/005
A6: LOCALIZAÇÃO: Rua dos Esportes - Centro, Quilombo - SC | I6: Data:
I7: 46100
A8: Data de referência dos custos: 02/2026 - DESONERADO
A10: ITEM | B10: FONTE | C10: CÓDIGO(SINAPI/SICRO/DEINFRA) | D10: DISCRIMINAÇÃO DOS SERVIÇOS | E10: UNID. | F10: QUANT. | G10: CUSTO UNITÁRIO | H10: BDI (%) | I10: PREÇO UNITÁRIO | J10: PREÇO DO SERVIÇO
A11: 1 | D11: SERVIÇOS PRELIMINARES
A12: 1.1 | B12: SINAPI | C12: 103689 | D12: FORNECIMENTO E INSTALAÇÃO DE PLACA DE OBRA COM CHAPA GALVANIZADA E ESTRUTURA DE MADEIRA. AF_03/2022_PS | E12: M2 | F12: 1.5 | G12: 397.307 | H12: 0.264 | I12: =ROUND((G12*(1+H12)),2) -> 502.2 | J12: =ROUND((I12*F12),2) -> 753.3
A13: 1.2 | B13: SINAPI | C13: 90777 | D13: ENGENHEIRO CIVIL DE OBRA JUNIOR COM ENCARGOS COMPLEMENTARES (12H POR MÊS) | E13: H | F13: =12*7 -> 84 | G13: 109.497 | H13: 0.264 | I13: =ROUND((G13*(1+H13)),2) -> 138.4 | J13: =ROUND((I13*F13),2) -> 11625.6
A14: 1.3 | B14: SINAPI | C14: 90780 | D14: MESTRE DE OBRAS COM ENCARGOS COMPLEMENTARES (36H POR MÊS) | E14: H | F14: =36*7 -> 252 | G14: 52.615 | H14: 0.264 | I14: =ROUND((G14*(1+H14)),2) -> 66.51 | J14: =ROUND((I14*F14),2) -> 16760.52
A15: 1.4 | B15: SINAPI-I | C15: 10527 | D15: LOCACAO DE ANDAIME METALICO TUBULAR DE ENCAIXE, TIPO DE TORRE, CADA PAINEL COM LARGURA DE 1 ATE 1,5 M E ALTURA DE *1,00* M, INCLUINDO DIAGONAL, BARRAS DE LIGACAO, SAPATAS OU RODIZIOS E DEMAIS ITENS NECESSARIOS A MONTAGEM (NAO INCLUI INSTALACAO) | E15: MXMES | F15: =80*6 -> 480 | G15: 42.5 | H15: 0.264 | I15: =ROUND((G15*(1+H15)),2) -> 53.72 | J15: =ROUND((I15*F15),2) -> 25785.6
A16: 1.5 | B16: SINAPI | C16: 97064 | D16: MONTAGEM E DESMONTAGEM DE ANDAIME TUBULAR TIPO "TORRE" (EXCLUSIVE ANDAIME E LIMPEZA). AF_03/2024 | E16: M | F16: 100 | G16: 27.047 | H16: 0.264 | I16: =ROUND((G16*(1+H16)),2) -> 34.19 | J16: =ROUND((I16*F16),2) -> 3419
A17: 1.6 | B17: SINAPI | C17: 98459 | D17: TAPUME COM TELHA METÁLICA. AF_03/2024 | E17: M2 | F17: 60 | G17: 77.724 | H17: 0.264 | I17: =ROUND((G17*(1+H17)),2) -> 98.24 | J17: =ROUND((I17*F17),2) -> 5894.4
A18: 1.7 | B18: SINAPI | C18: 102656 | D18: SINALIZAÇÃO COM FITA FIXADA EM CONE PLÁSTICO, INCLUINDO CONE. AF_03/2024 | E18: M | F18: 201.08 | G18: 5.644 | H18: 0.264 | I18: =ROUND((G18*(1+H18)),2) -> 7.13 | J18: =ROUND((I18*F18),2) -> 1433.7
A19: TOTAL DO ITEM | J19: =SUM(J12:J18) -> 65672.12
A20: DEMOLIÇÕES
A21: 2 | D21: DEMOLIÇÕES E REMOÇÕES
A22: 2.1 | D22: FRENTE
A23: 2.1.1 | B23: SINAPI | C23: 97625 | D23: DEMOLIÇÃO DE ALVENARIA PARA QUALQUER TIPO DE BLOCO, DE FORMA MECANIZADA, SEM REAPROVEITAMENTO. AF_09/2023 | E23: M3 | F23: =(4.6475+0.45+0.45+0.45+0.745+0.115+4.8781+1.79+3.05)*3.2+(70*0.6) -> 95.04192 | G23: 52.139 | H23: 0.264 | I23: =ROUND((G23*(1+H23)),2) -> 65.9 | J23: =ROUND((I23*F23),2) -> 6263.26
A24: 2.1.2 | B24: SINAPI | C24: 97629 | D24: DEMOLIÇÃO DE LAJES, EM CONCRETO ARMADO, DE FORMA MECANIZADA COM MARTELETE, SEM REAPROVEITAMENTO. AF_09/2023 (VARANDA E COZINHA) | E24: M3 | F24: =191.37*0.1 -> 19.137 | G24: 19.9155 | H24: 0.264 | I24: =ROUND((G24*(1+H24)),2) -> 25.17 | J24: =ROUND((I24*F24),2) -> 481.68
A25: 2.1.3 | B25: SINAPI | C25: 97627 | D25: DEMOLIÇÃO DE PILARES E VIGAS EM CONCRETO ARMADO, DE FORMA MECANIZADA COM MARTELETE, SEM REAPROVEITAMENTO. AF_09/2023 | E25: M3 | F25: =((27.7+12)*0.1)+((0.05*3.3)*15) -> 6.445 | G25: 42.7805 | H25: 0.264 | I25: =ROUND((G25*(1+H25)),2) -> 54.07 | J25: =ROUND((I25*F25),2) -> 348.48
A26: 2.1.4 | B26: SINAPI | C26: 104789 | D26: DEMOLIÇÃO DE PISO DE CONCRETO SIMPLES, DE FORMA MANUAL, SEM REAPROVEITAMENTO. AF_09/2023 (SALA, DEPÓSITO, WCS, HALL E COPA) | E26: M3 | F26: =(75.82*0.15) -> 11.373 | G26: 200.6425 | H26: 0.264 | I26: =ROUND((G26*(1+H26)),2) -> 253.61 | J26: =ROUND((I26*F26),2) -> 2884.31
A27: 2.1.5 | B27: SINAPI | C27: 93358 | D27: ESCAVAÇÃO MANUAL DE VALA. AF_09/2024 | E27: M3 | F27: =4.7089*1 -> 4.7089 | G27: 84.3625 | H27: 0.264 | I27: =ROUND((G27*(1+H27)),2) -> 106.63 | J27: =ROUND((I27*F27),2) -> 502.11
A28: 2.1.6 | B28: SINAPI | C28: 97663 | D28: REMOÇÃO DE LOUÇAS, DE FORMA MANUAL, SEM REAPROVEITAMENTO. AF_09/2023 | E28: UN | F28: 8 | G28: 12.869 | H28: 0.264 | I28: =ROUND((G28*(1+H28)),2) -> 16.27 | J28: =ROUND((I28*F28),2) -> 130.16
A29: 2.1.7 | B29: SINAPI | C29: 97666 | D29: REMOÇÃO DE METAIS SANITÁRIOS, DE FORMA MANUAL, SEM REAPROVEITAMENTO. AF_09/2023 | E29: UN | F29: 6 | G29: 9.384 | H29: 0.264 | I29: =ROUND((G29*(1+H29)),2) -> 11.86 | J29: =ROUND((I29*F29),2) -> 71.16
A30: 2.1.8 | B30: SINAPI | C30: 97662 | D30: REMOÇÃO DE TUBULAÇÕES (TUBOS E CONEXÕES) DE ÁGUA FRIA, DE FORMA MANUAL, SEM REAPROVEITAMENTO. AF_09/2023 | E30: M | F30: 50 | G30: 0.51 | H30: 0.264 | I30: =ROUND((G30*(1+H30)),2) -> 0.64 | J30: =ROUND((I30*F30),2) -> 32
A31: 2.1.9 | B31: SINAPI | C31: 97644 | D31: REMOÇÃO DE PORTAS, DE FORMA MANUAL, SEM REAPROVEITAMENTO. AF_09/2023 (MADEIRA) | E31: M2 | F31: =13*(0.8*2.1) -> 21.84 | G31: 9.6815 | H31: 0.264 | I31: =ROUND((G31*(1+H31)),2) -> 12.24 | J31: =ROUND((I31*F31),2) -> 267.32
A32: 2.1.10 | B32: SINAPI | C32: 102191 | D32: REMOÇÃO DE VIDRO LISO COMUM DE ESQUADRIA COM BAGUETE DE ALUMÍNIO OU PVC. AF_01/2021 (PORTAS E JANELAS DE VIDRO) | E32: M2 | F32: =((1.5*0.8)*6)+(2.5*0.8) -> 9.2 | G32: 17.4505 | H32: 0.264 | I32: =ROUND((G32*(1+H32)),2) -> 22.06 | J32: =ROUND((I32*F32),2) -> 202.95
A33: 2.1.11 | B33: SINAPI | C33: 97655 | D33: REMOÇÃO DE TRAMA METÁLICA, DE FORMA MANUAL, SEM REAPROVEITAMENTO. AF_09/2023 | E33: M2 | F33: =F32 -> 9.2 | G33: 36.2525 | H33: 0.264 | I33: =ROUND((G33*(1+H33)),2) -> 45.82 | J33: =ROUND((I33*F33),2) -> 421.54
A34: 2.1.12 | B34: SINAPI | C34: 104803 | D34: REMOÇÃO CALHAS E RUFOS, DE FORMA MANUAL, SEM REAPROVEITAMENTO. AF_09/2023 | E34: M | F34: 28.05 | G34: 4.811 | H34: 0.264 | I34: =ROUND((G34*(1+H34)),2) -> 6.08 | J34: =ROUND((I34*F34),2) -> 170.54
A35: 2.1.13 | B35: SINAPI | C35: 97651 | D35: REMOÇÃO DE TESOURAS DE MADEIRA, COM VÃO MENOR QUE 8M, DE FORMA MANUAL, SEM REAPROVEITAMENTO. AF_09/2023 | E35: UN | F35: 0 | G35: 86.037 | H35: 0.264 | I35: =ROUND((G35*(1+H35)),2) -> 108.75 | J35: =ROUND((I35*F35),2) -> 0
A36: 2.1.14 | B36: SINAPI | C36: 97650 | D36: REMOÇÃO DE TRAMA DE MADEIRA PARA COBERTURA, DE FORMA MANUAL, SEM REAPROVEITAMENTO. AF_09/2023 | E36: M2 | F36: 0 | G36: 7.8965 | H36: 0.264 | I36: =ROUND((G36*(1+H36)),2) -> 9.98 | J36: =ROUND((I36*F36),2) -> 0
A37: 2.1.15 | B37: SINAPI | C37: 97647 | D37: REMOÇÃO DE TELHAS DE FIBROCIMENTO METÁLICA E CERÂMICA, DE FORMA MANUAL, SEM REAPROVEITAMENTO. AF_09/2023 | E37: M2 | F37: 293.7375 | G37: 3.6635 | H37: 0.264 | I37: =ROUND((G37*(1+H37)),2) -> 4.63 | J37: =ROUND((I37*F37),2) -> 1360
A38: 2.1.16 | B38: SINAPI | C38: 104792 | D38: REMOÇÃO DE CABOS ELÉTRICOS, COM SEÇÃO DE ATÉ 2,5 MM², DE FORMA MANUAL, SEM REAPROVEITAMENTO. AF_09/2023 | E38: M | F38: 130 | G38: 0.4335 | H38: 0.264 | I38: =ROUND((G38*(1+H38)),2) -> 0.55 | J38: =ROUND((I38*F38),2) -> 71.5
A39: 2.1.17 | B39: SINAPI | C39: 104793 | D39: REMOÇÃO DE CABOS ELÉTRICOS, COM SEÇÃO MAIOR QUE 2,5 MM² E MENOR QUE 10 MM², DE FORMA MANUAL, SEM REAPROVEITAMENTO. AF_09/2023 | E39: M | F39: 50 | G39: 0.595 | H39: 0.264 | I39: =ROUND((G39*(1+H39)),2) -> 0.75 | J39: =ROUND((I39*F39),2) -> 37.5
A40: 2.1.18 | B40: SINAPI | C40: 97660 | D40: REMOÇÃO DE INTERRUPTORES/TOMADAS ELÉTRICAS, DE FORMA MANUAL, SEM REAPROVEITAMENTO. AF_09/2023 | E40: UN | F40: 25 | G40: 0.731 | H40: 0.264 | I40: =ROUND((G40*(1+H40)),2) -> 0.92 | J40: =ROUND((I40*F40),2) -> 23
A41: 2.1.19 | B41: SINAPI | C41: 97665 | D41: REMOÇÃO DE LUMINÁRIAS, DE FORMA MANUAL, SEM REAPROVEITAMENTO. AF_09/2023 | E41: UN | F41: 20 | G41: 1.989 | H41: 0.264 | I41: =ROUND((G41*(1+H41)),2) -> 2.51 | J41: =ROUND((I41*F41),2) -> 50.2
A42: 2.1.20 | B42: COMPOSIÇÃO | C42: ='[4]Composição (2)'!B12 -> Q01 | D42: ='[4]Composição (2)'!D12 -> REMOÇÃO DE AR CONDICIONADO 9.000 A 12.000 BTUS COM REAPROVEITAMENTO | E42: UN | F42: 1 | G42: 137.6076 | H42: 0.264 | I42: =ROUND((G42*(1+H42)),2) -> 173.94 | J42: =ROUND((I42*F42),2) -> 173.94
A43: 2.1.21 | B43: COMPOSIÇÃO | C43: ='[4]Composição (2)'!B15 -> Q02 | D43: ='[4]Composição (2)'!D15 -> REMOÇÃO DE GUARDA CORPO/GRADIL, COM ALTURA DE 1,10M, COM REAPROVEITAMENTO | E43: M | F43: =12.32+13.2 -> 25.52 | G43: 105.6465 | H43: 0.264 | I43: =ROUND((G43*(1+H43)),2) -> 133.54 | J43: =ROUND((I43*F43),2) -> 3407.94
A44: 2.1.22 | B44: SINAPI | C44: 97634 | D44: DEMOLIÇÃO DE REVESTIMENTO CERÂMICO, DE FORMA MECANIZADA COM MARTELETE, SEM REAPROVEITAMENTO. AF_09/2023 (CIRCULAÇÃO E ESCADA GINÁSIO) | E44: M2 | F44: =38.7+((1.85*0.21)*16) -> 44.916 | G44: 3.468 | H44: 0.264 | I44: =ROUND((G44*(1+H44)),2) -> 4.38 | J44: =ROUND((I44*F44),2) -> 196.73
A45: 2.1.23 | B45: SINAPI | C45: 106122 | D45: REMOÇÃO DE ENTULHO CLASSE A (ALVENARIA, CONCRETO, ARGAMASSAS E CERÂMICOS) POR DUTO DE ENTULHO E ACONDICIONAMENTO FINAL EM CAÇAMBA ESTACIONÁRIA. EXCLUSO FRETE. AF_09/2025 | E45: M3 | F45: =F23+F24+F25+F26 -> 131.99692 | G45: 68.584 | H45: 0.264 | I45: =ROUND((G45*(1+H45)),2) -> 86.69 | J45: =ROUND((I45*F45),2) -> 11442.81
A46: 2.1.24 | B46: SINAPI | C46: 106123 | D46: REMOÇÃO DE ENTULHO CLASSE B (PLASTICO/ PAPEL/ METAL) ARMAZENADO INICIALMENTE EM BOMBONAS E ACONDICIONAMENTO FINAL EM ABRIGOS COBERTOS. EXCLUSO FRETE. AF_09/2025 | E46: M3 | F46: =(F30*0.0079)+(F33*0.01)+(F34*0.002)+(F40*0.007) -> 0.7181 | G46: 119.04 | H46: 0.264 | I46: =ROUND((G46*(1+H46)),2) -> 150.47 | J46: =ROUND((I46*F46),2) -> 108.05
A47: 2.1.25 | B47: SINAPI | C47: 106127 | D47: REMOÇÃO DE ENTULHO CLASSE B (FRAGMENTOS DE MADEIRA) TRANSPORTADOS POR CREMALHEIRA. ACONDICIONAMENTO FINAL CAÇAMBA ESTACIONÁRIA. EXCLUSO FRETE. AF_09/2025 | E47: M3 | F47: =F31*0.04 -> 0.8736 | G47: 68.584 | H47: 0.264 | I47: =ROUND((G47*(1+H47)),2) -> 86.69 | J47: =ROUND((I47*F47),2) -> 75.73
A48: 2.1.26 | B48: SINAPI | C48: 100982 | D48: CARGA, MANOBRA E DESCARGA DE ENTULHO EM CAMINHÃO BASCULANTE 10 M³ - CARGA COM ESCAVADEIRA HIDRÁULICA (CAÇAMBA DE 0,80 M³ / 111 HP) E DESCARGA LIVRE (UNIDADE: M3). AF_07/2020 | E48: M3 | F48: =(F32*0.01)+(F37*0.1)+F45+F46+F47 -> 163.05437 | G48: 8.126 | H48: 0.264 | I48: =ROUND((G48*(1+H48)),2) -> 10.27 | J48: =ROUND((I48*F48),2) -> 1674.57
A49: 2.1.27 | B49: SINAPI | C49: 95875 | D49: TRANSPORTE COM CAMINHÃO BASCULANTE DE 10 M³, EM VIA URBANA PAVIMENTADA, DMT ATÉ 30 KM (UNIDADE: M3XKM). AF_07/2020 | E49: M3XKM | F49: =F48*10 -> 1630.5437 | G49: 2.2525 | H49: 0.264 | I49: =ROUND((G49*(1+H49)),2) -> 2.85 | J49: =ROUND((I49*F49),2) -> 4647.05
D50: TOTAL DO SUBITEM | J50: =SUM(J23:J49) -> 35044.53
A51: 2.2 | D51: FUNDOS
A52: 2.2.1 | B52: SINAPI | C52: 97625 | D52: DEMOLIÇÃO DE ALVENARIA PARA QUALQUER TIPO DE BLOCO, DE FORMA MECANIZADA, SEM REAPROVEITAMENTO. AF_09/2023 | E52: M3 | F52: =((8.0475+0.495+0.495+0.495+0.495+0.495+0.39+0.39+0.155+0.155+0.155+0.155)*3)+((0.6795*0.85)*2) -> 36.92265 | G52: 52.139 | H52: 0.264 | I52: =ROUND((G52*(1+H52)),2) -> 65.9 | J52: =ROUND((I52*F52),2) -> 2433.2
A53: 2.2.2 | B53: SINAPI | C53: 97629 | D53: DEMOLIÇÃO DE LAJES, EM CONCRETO ARMADO, DE FORMA MECANIZADA COM MARTELETE, SEM REAPROVEITAMENTO. AF_09/2023 (ESCADA) | E53: M3 | F53: =1.3+1.885 -> 3.185 | G53: 19.9155 | H53: 0.264 | I53: =ROUND((G53*(1+H53)),2) -> 25.17 | J53: =ROUND((I53*F53),2) -> 80.17
A54: 2.2.3 | B54: SINAPI | C54: 97627 | D54: DEMOLIÇÃO DE PILARES E VIGAS EM CONCRETO ARMADO, DE FORMA MECANIZADA COM MARTELETE, SEM REAPROVEITAMENTO. AF_09/2023 | E54: M3 | F54: =((0.06*3)*7)+((0.54*3.6)*7) -> 14.868 | G54: 42.7805 | H54: 0.264 | I54: =ROUND((G54*(1+H54)),2) -> 54.07 | J54: =ROUND((I54*F54),2) -> 803.91
A55: 2.2.4 | B55: SINAPI | C55: 104789 | D55: DEMOLIÇÃO DE PISO DE CONCRETO SIMPLES, DE FORMA MANUAL, SEM REAPROVEITAMENTO. AF_09/2023 (VESTIÁRIO EXISTENTE) | E55: M3 | F55: =(69.47*0.15)+3.094+3.094 -> 16.6085 | G55: 200.6425 | H55: 0.264 | I55: =ROUND((G55*(1+H55)),2) -> 253.61 | J55: =ROUND((I55*F55),2) -> 4212.08
A56: 2.2.5 | B56: SINAPI | C56: 93358 | D56: ESCAVAÇÃO MANUAL DE VALA. AF_09/2024 | E56: M3 | F56: =(52.9336*0.9)+(16.34*1.26) -> 68.22864 | G56: 84.3625 | H56: 0.264 | I56: =ROUND((G56*(1+H56)),2) -> 106.63 | J56: =ROUND((I56*F56),2) -> 7275.22
A57: 2.2.6 | B57: SINAPI | C57: 97663 | D57: REMOÇÃO DE LOUÇAS, DE FORMA MANUAL, SEM REAPROVEITAMENTO. AF_09/2023 | E57: UN | F57: 12 | G57: 12.869 | H57: 0.264 | I57: =ROUND((G57*(1+H57)),2) -> 16.27 | J57: =ROUND((I57*F57),2) -> 195.24
A58: 2.2.7 | B58: SINAPI | C58: 97666 | D58: REMOÇÃO DE METAIS SANITÁRIOS, DE FORMA MANUAL, SEM REAPROVEITAMENTO. AF_09/2023 | E58: UN | F58: 4 | G58: 9.384 | H58: 0.264 | I58: =ROUND((G58*(1+H58)),2) -> 11.86 | J58: =ROUND((I58*F58),2) -> 47.44
A59: 2.2.8 | B59: SINAPI | C59: 97662 | D59: REMOÇÃO DE TUBULAÇÕES (TUBOS E CONEXÕES) DE ÁGUA FRIA, DE FORMA MANUAL, SEM REAPROVEITAMENTO. AF_09/2023 | E59: M | F59: 50 | G59: 0.51 | H59: 0.264 | I59: =ROUND((G59*(1+H59)),2) -> 0.64 | J59: =ROUND((I59*F59),2) -> 32
A60: 2.2.9 | B60: SINAPI | C60: 97644 | D60: REMOÇÃO DE PORTAS, DE FORMA MANUAL, SEM REAPROVEITAMENTO. AF_09/2023 (MADEIRA) | E60: M2 | F60: =(0.7*2.1)*8 -> 11.76 | G60: 9.6815 | H60: 0.264 | I60: =ROUND((G60*(1+H60)),2) -> 12.24 | J60: =ROUND((I60*F60),2) -> 143.94
A61: 2.2.10 | B61: SINAPI | C61: 102191 | D61: REMOÇÃO DE VIDRO LISO COMUM DE ESQUADRIA COM BAGUETE DE ALUMÍNIO OU PVC. AF_01/2021 (PORTAS E JANELAS DE VIDRO) | E61: M2 | F61: =(1.75+1.75+3.1+1.75+3.1)*0.8+(1.35*2.3) -> 12.265 | G61: 17.4505 | H61: 0.264 | I61: =ROUND((G61*(1+H61)),2) -> 22.06 | J61: =ROUND((I61*F61),2) -> 270.57
A62: 2.2.11 | B62: SINAPI | C62: 97655 | D62: REMOÇÃO DE TRAMA METÁLICA, DE FORMA MANUAL, SEM REAPROVEITAMENTO. AF_09/2023 | E62: M2 | F62: =F61 -> 12.265 | G62: 36.2525 | H62: 0.264 | I62: =ROUND((G62*(1+H62)),2) -> 45.82 | J62: =ROUND((I62*F62),2) -> 561.98
A63: 2.2.12 | B63: SINAPI | C63: 104803 | D63: REMOÇÃO CALHAS E RUFOS, DE FORMA MANUAL, SEM REAPROVEITAMENTO. AF_09/2023 | E63: M | F63: 19.3 | G63: 4.811 | H63: 0.264 | I63: =ROUND((G63*(1+H63)),2) -> 6.08 | J63: =ROUND((I63*F63),2) -> 117.34
A64: 2.2.13 | B64: SINAPI | C64: 97651 | D64: REMOÇÃO DE TESOURAS DE MADEIRA, COM VÃO MENOR QUE 8M, DE FORMA MANUAL, SEM REAPROVEITAMENTO. AF_09/2023 | E64: UN | F64: 10 | G64: 86.037 | H64: 0.264 | I64: =ROUND((G64*(1+H64)),2) -> 108.75 | J64: =ROUND((I64*F64),2) -> 1087.5
A65: 2.2.14 | B65: SINAPI | C65: 97650 | D65: REMOÇÃO DE TRAMA DE MADEIRA PARA COBERTURA, DE FORMA MANUAL, SEM REAPROVEITAMENTO. AF_09/2023 | E65: M2 | F65: 75 | G65: 7.8965 | H65: 0.264 | I65: =ROUND((G65*(1+H65)),2) -> 9.98 | J65: =ROUND((I65*F65),2) -> 748.5
A66: 2.2.15 | B66: SINAPI | C66: 97647 | D66: REMOÇÃO DE TELHAS DE FIBROCIMENTO METÁLICA E CERÂMICA, DE FORMA MANUAL, COM REAPROVEITAMENTO. AF_09/2023 | E66: M2 | F66: 83.02 | G66: 3.6635 | H66: 0.264 | I66: =ROUND((G66*(1+H66)),2) -> 4.63 | J66: =ROUND((I66*F66),2) -> 384.38
A67: 2.2.16 | B67: SINAPI | C67: 104792 | D67: REMOÇÃO DE CABOS ELÉTRICOS, COM SEÇÃO DE ATÉ 2,5 MM², DE FORMA MANUAL, SEM REAPROVEITAMENTO. AF_09/2023 | E67: M | F67: 89 | G67: 0.4335 | H67: 0.264 | I67: =ROUND((G67*(1+H67)),2) -> 0.55 | J67: =ROUND((I67*F67),2) -> 48.95
A68: 2.2.17 | B68: SINAPI | C68: 104793 | D68: REMOÇÃO DE CABOS ELÉTRICOS, COM SEÇÃO MAIOR QUE 2,5 MM² E MENOR QUE 10 MM², DE FORMA MANUAL, SEM REAPROVEITAMENTO. AF_09/2023 | E68: M | F68: 50 | G68: 0.595 | H68: 0.264 | I68: =ROUND((G68*(1+H68)),2) -> 0.75 | J68: =ROUND((I68*F68),2) -> 37.5
A69: 2.2.18 | B69: SINAPI | C69: 97660 | D69: REMOÇÃO DE INTERRUPTORES/TOMADAS ELÉTRICAS, DE FORMA MANUAL, SEM REAPROVEITAMENTO. AF_09/2023 | E69: UN | F69: 21 | G69: 0.731 | H69: 0.264 | I69: =ROUND((G69*(1+H69)),2) -> 0.92 | J69: =ROUND((I69*F69),2) -> 19.32
A70: 2.2.19 | B70: SINAPI | C70: 97665 | D70: REMOÇÃO DE LUMINÁRIAS, DE FORMA MANUAL, SEM REAPROVEITAMENTO. AF_09/2023 | E70: UN | F70: 8 | G70: 1.989 | H70: 0.264 | I70: =ROUND((G70*(1+H70)),2) -> 2.51 | J70: =ROUND((I70*F70),2) -> 20.08
A71: 2.2.20 | B71: COMPOSIÇÃO | C71: ='[4]Composição (2)'!B15 -> Q02 | D71: ='[4]Composição (2)'!D15 -> REMOÇÃO DE GUARDA CORPO/GRADIL, COM ALTURA DE 1,10M, COM REAPROVEITAMENTO | E71: M | F71: =1.2+3.2+2.3+2.3+1.2+3.7 -> 13.9 | G71: 105.6465 | H71: 0.264 | I71: =ROUND((G71*(1+H71)),2) -> 133.54 | J71: =ROUND((I71*F71),2) -> 1856.21
A72: 2.2.21 | B72: SINAPI | C72: 106122 | D72: REMOÇÃO DE ENTULHO CLASSE A (ALVENARIA, CONCRETO, ARGAMASSAS E CERÂMICOS) POR DUTO DE ENTULHO E ACONDICIONAMENTO FINAL EM CAÇAMBA ESTACIONÁRIA. EXCLUSO FRETE. AF_09/2025 | E72: M3 | F72: =F55+F52+F53+F54 -> 71.58415 | G72: 68.584 | H72: 0.264 | I72: =ROUND((G72*(1+H72)),2) -> 86.69 | J72: =ROUND((I72*F72),2) -> 6205.63
A73: 2.2.22 | B73: SINAPI | C73: 106123 | D73: REMOÇÃO DE ENTULHO CLASSE B (PLASTICO/ PAPEL/ METAL) ARMAZENADO INICIALMENTE EM BOMBONAS E ACONDICIONAMENTO FINAL EM ABRIGOS COBERTOS. EXCLUSO FRETE. AF_09/2025 | E73: M3 | F73: =(F59*0.0079)+(F61*0.01)+(F62*0.002)+(F69*0.007) -> 0.68918 | G73: 119.04 | H73: 0.264 | I73: =ROUND((G73*(1+H73)),2) -> 150.47 | J73: =ROUND((I73*F73),2) -> 103.7
A74: 2.2.23 | B74: SINAPI | C74: 106127 | D74: REMOÇÃO DE ENTULHO CLASSE B (FRAGMENTOS DE MADEIRA) TRANSPORTADOS POR CREMALHEIRA. ACONDICIONAMENTO FINAL CAÇAMBA ESTACIONÁRIA. EXCLUSO FRETE. AF_09/2025 | E74: M3 | F74: =F60*0.04 -> 0.4704 | G74: 68.584 | H74: 0.264 | I74: =ROUND((G74*(1+H74)),2) -> 86.69 | J74: =ROUND((I74*F74),2) -> 40.78
A75: 2.2.24 | B75: SINAPI | C75: 100982 | D75: CARGA, MANOBRA E DESCARGA DE ENTULHO EM CAMINHÃO BASCULANTE 10 M³ - CARGA COM ESCAVADEIRA HIDRÁULICA (CAÇAMBA DE 0,80 M³ / 111 HP) E DESCARGA LIVRE (UNIDADE: M3). AF_07/2020 | E75: M3 | F75: =(F61*0.01)+(F66*0.1)+F72+F73+F74 -> 81.16838 | G75: 8.126 | H75: 0.264 | I75: =ROUND((G75*(1+H75)),2) -> 10.27 | J75: =ROUND((I75*F75),2) -> 833.6
A76: 2.2.25 | B76: SINAPI | C76: 95875 | D76: TRANSPORTE COM CAMINHÃO BASCULANTE DE 10 M³, EM VIA URBANA PAVIMENTADA, DMT ATÉ 30 KM (UNIDADE: M3XKM). AF_07/2020 | E76: M3XKM | F76: =F75*10 -> 811.6838 | G76: 2.2525 | H76: 0.264 | I76: =ROUND((G76*(1+H76)),2) -> 2.85 | J76: =ROUND((I76*F76),2) -> 2313.3
D77: TOTAL DO SUBITEM | J77: =SUM(J52:J76) -> 29872.54
A78: TOTAL DO ITEM | J78: =SUM(J50,J77) -> 64917.07
A79: CONSTRUÇÕES
A80: 3 | D80: CONSTRUÇÃO PAVTO TÉRREO - FRENTE
A81: 3.1 | D81: ALVENARIA
A82: 3.1.1 | B82: COMPOSIÇÃO | C82: ='[4]Composição (2)'!B144 -> Q18 | D82: ='[4]Composição (2)'!D144 -> ALVENARIA DE VEDAÇÃO COM ELEMENTO VAZADO EM LOUÇA (COBOGÓ) DE 7X20X20CM E ARGAMASSA DE ASSENTAMENTO COM PREPARO EM BETONEIRA. AF_05/2020 | E82: M2 | F82: =(5.62*4.08)+(11.32*2.6) -> 52.3616 | G82: 226.7715 | H82: 0.264 | I82: =ROUND((G82*(1+H82)),2) -> 286.64 | J82: =ROUND((I82*F82),2) -> 15008.93
A83: 3.1.2 | B83: SINAPI | C83: 103360 | D83: ALVENARIA DE VEDAÇÃO DE BLOCOS CERÂMICOS FURADOS NA HORIZONTAL DE 14X19X29 CM (ESPESSURA 14 CM) E ARGAMASSA DE ASSENTAMENTO COM PREPARO EM BETONEIRA. AF_12/2021 (INCLUSO TELA DE AÇO SOLDADA PARA JUNÇÃO DA ALVENARIA COM A ESTRUTURA) | E83: M2 | F83: =((((6.58+3.8+0.35+1.55+4.58+11.17+1+4.59+6.28+11.32+8.8+2.02+6.78)+(3.53+3.53+11.5+1.5+6.32+6.32+0.5+2.02+3.52+3.52+3.52))*3.8)+(18.13*0.45)+(15.82))-((2.1*2)+(0.7+1.75+3.12+2.86+2)+(10*1.89)+(3.05)) -> 422.8785 | G83: 83.351 | H83: 0.264 | I83: =ROUND((G83*(1+H83)),2) -> 105.36 | J83: =ROUND((I83*F83),2) -> 44554.48
A84: 3.1.3 | B84: SINAPI | C84: 105023 | D84: VERGA MOLDADA IN LOCO EM CONCRETO, ESPESSURA DE *15* CM. AF_03/2024 | E84: M | F84: =((3*2)+(1+2+2.5+2.4+2.2)+(0.8*10)+(0.9*7)+(0.9*2)+(0.9*1))*1.2 -> 39.72 | G84: 75.021 | H84: 0.264 | I84: =ROUND((G84*(1+H84)),2) -> 94.83 | J84: =ROUND((I84*F84),2) -> 3766.65
A85: 3.1.4 | B85: SINAPI | C85: 105029 | D85: CONTRAVERGA MOLDADA IN LOCO EM CONCRETO, ESPESSURA DE *15* CM. AF_03/2024 | E85: M | F85: =((3*2)+(1+2+2.5+2.4+2.2))*1.2 -> 19.32 | G85: 56.4995 | H85: 0.264 | I85: =ROUND((G85*(1+H85)),2) -> 71.42 | J85: =ROUND((I85*F85),2) -> 1379.83
A86: 3.1.5 | B86: SINAPI | C86: 87905 | D86: CHAPISCO APLICADO EM ALVENARIA (COM PRESENÇA DE VÃOS) E ESTRUTURAS DE CONCRETO DE FACHADA, COM COLHER DE PEDREIRO. ARGAMASSA TRAÇO 1:3 COM PREPARO EM BETONEIRA 400L. AF_10/2022 | E86: M2 | F86: =(F83*2)+(((6.58+3.8+0.35+1.55+4.58+11.17+1+4.59+6.28+11.32+8.8+2.02+6.78)+(3.53+3.53+11.5+1.5+6.32+6.32+0.5+2.02+3.52+3.52+3.52))*0.5) -> 903.057 | G86: 8.2705 | H86: 0.264 | I86: =ROUND((G86*(1+H86)),2) -> 10.45 | J86: =ROUND((I86*F86),2) -> 9436.95
A87: 3.1.6 | B87: SINAPI | C87: 87775 | D87: EMBOÇO OU MASSA ÚNICA EM ARGAMASSA TRAÇO 1:2:8, PREPARO MECÂNICO COM BETONEIRA 400 L, APLICADA MANUALMENTE EM PANOS DE FACHADA COM PRESENÇA DE VÃOS, ESPESSURA DE 25 MM. AF_08/2022 (MASSA ÚNICA COM EMBOÇO E REBOCO) | E87: M2 | F87: =F86 -> 903.057 | G87: 54.06 | H87: 0.264 | I87: =ROUND((G87*(1+H87)),2) -> 68.33 | J87: =ROUND((I87*F87),2) -> 61705.88
A88: 3.1.7 | B88: SINAPI | C88: 88413 | D88: APLICAÇÃO MANUAL DE FUNDO SELADOR ACRÍLICO EM SUPERFÍCIES EXTERNAS DE SACADA DE EDIFÍCIOS DE MÚLTIPLOS PAVIMENTOS. AF_03/2024 (INCLUSO PILARES E VIGAS) | E88: M2 | F88: =((F86*1.1)-F91)+F102 -> 857.6699 | G88: 4.913 | H88: 0.264 | I88: =ROUND((G88*(1+H88)),2) -> 6.21 | J88: =ROUND((I88*F88),2) -> 5326.13
A89: 3.1.8 | B89: SINAPI | C89: 88497 | D89: EMASSAMENTO COM MASSA LÁTEX, APLICAÇÃO EM PAREDE, DUAS DEMÃOS, LIXAMENTO MANUAL. AF_04/2023 | E89: M2 | F89: =F88 -> 857.6699 | G89: 17.9265 | H89: 0.264 | I89: =ROUND((G89*(1+H89)),2) -> 22.66 | J89: =ROUND((I89*F89),2) -> 19434.8
A90: 3.1.9 | B90: SINAPI | C90: 88424 | D90: APLICAÇÃO MANUAL DE PINTURA COM TINTA TEXTURIZADA LISA ACRÍLICA EM PANOS COM PRESENÇA DE VÃOS DE EDIFÍCIOS DE MÚLTIPLOS PAVIMENTOS, DUAS CORES. AF_03/2024 | E90: M2 | F90: =F88 -> 857.6699 | G90: 21.5475 | H90: 0.264 | I90: =ROUND((G90*(1+H90)),2) -> 27.24 | J90: =ROUND((I90*F90),2) -> 23362.93
A91: 3.1.10 | B91: SINAPI | C91: 104612 | D91: REVESTIMENTO CERÂMICO PARA PAREDES INTERNAS COM PLACAS TIPO ESMALTADA DE DIMENSÕES 60X60 CM APLICADAS A MEIA ALTURA DAS PAREDES. AF_02/2023_PE (BANHEIROS, COPA, BAR E COZINHA) | E91: M2 | F91: =((16.22+14.5+18+22.5+8.06+15.92+8.06)-((0.9*8)+(2.4+2.2)))*1.8 -> 164.628 | G91: 77.248 | H91: 0.264 | I91: =ROUND((G91*(1+H91)),2) -> 97.64 | J91: =ROUND((I91*F91),2) -> 16074.28
A92: 3.1.11 | B92: SINAPI | C92: 100717 | D92: LIXAMENTO MANUAL EM SUPERFÍCIES METÁLICAS EM OBRA. AF_01/2020 | E92: M2 | F92: 30 | G92: 9.911 | H92: 0.264 | I92: =ROUND((G92*(1+H92)),2) -> 12.53 | J92: =ROUND((I92*F92),2) -> 375.9
A93: 3.1.12 | B93: SICRO | C93: 5212552 | D93: Pintura eletrostática a pó com tinta poliéster em chapa de aço | E93: M2 | F93: 30 | G93: 14.025 | H93: 0.264 | I93: =ROUND((G93*(1+H93)),2) -> 17.73 | J93: =ROUND((I93*F93),2) -> 531.9
A94: 3.1.13 | B94: COMPOSIÇÃO | C94: ='[4]Composição (2)'!B174 -> Q25 | D94: ='[4]Composição (2)'!D174 -> CORRIMÃO DUPLO FIXADO EM PAREDE OU ESTRUTURA METÁLICA, DIÂMETRO EXTERNO = 1 1/2", EM AÇO GALVANIZADO (COM PINTURA DE PROTEÇÃO). AF_10/2025 | E94: M | F94: =(2.28*4)+12.15+6.95 -> 28.22 | G94: 145.6985 | H94: 0.264 | I94: =ROUND((G94*(1+H94)),2) -> 184.16 | J94: =ROUND((I94*F94),2) -> 5197
A95: 3.1.14 | B95: SINAPI | C95: 99842 | D95: GUARDA-CORPO DE AÇO GALVANIZADO DE 1,10M (COM PINTURA DE PROTEÇÃO), MONTANTES TUBULARES DE 1.1/4" ESPAÇADOS 1,20M, TRAVESSA SUPERIOR DE 1.1/2", GRADIL FORMADO POR TUBOS HORIZONTAIS DE 1" E VERTICAIS DE 3/4", FIXADO COM ADESIVO ESTRUTURAL EPOXI. AF_10/2025_PS | E95: M | F95: =4.04+1.34 -> 5.38 | G95: 407.344 | H95: 0.264 | I95: =ROUND((G95*(1+H95)),2) -> 514.88 | J95: =ROUND((I95*F95),2) -> 2770.05
A96: 3.1.15 | B96: COTAÇÃO | C96: 9 | D96: =[4]Cotação!C83 -> ELEVADOR PARA ACESSIBILIDADE COM PERCURSO VERTICAL ATÉ 12M, SEM CASA DE MÁQUINAS, PARA 08 PASSAGEIROS (600kg), EM AÇO INOX, ACESSO PELO MESMO LADO. INCLUSO FORNECIMENTO E INSTALAÇÕES | E96: UN | F96: 1 | G96: 77013.333 | H96: 0.264 | I96: =ROUND((G96*(1+H96)),2) -> 97344.85 | J96: =ROUND((I96*F96),2) -> 97344.85
D97: TOTAL DO SUBITEM | J97: =SUM(J82:J96) -> 306270.56
A98: 3.2 | D98: DIVISÓRIAS E SHAFTS
A99: 3.2.1 | B99: COMPOSIÇÃO | C99: ='[4]Composição (2)'!B100 -> Q14 | D99: ='[4]Composição (2)'!D100 -> PAREDE COM SISTEMA EM CHAPAS DE GESSO RU (ÁREA MOLHADA) PARA DRYWALL, USO INTERNO, COM DUAS FACES SIMPLES E ESTRUTURA METÁLICA COM GUIAS SIMPLES PARA PAREDES COM ÁREA LÍQUIDA MAIOR OU IGUAL A 6 M2. | E99: M2 | F99: =((0.5+2.03)*3.92)+(((0.4+0.25)*3.5)*2) -> 14.4676 | G99: 226.015 | H99: 0.264 | I99: =ROUND((G99*(1+H99)),2) -> 285.68 | J99: =ROUND((I99*F99),2) -> 4133.1
A100: 3.2.2 | B100: COMPOSIÇÃO | C100: ='[4]Composição (2)'!B112 -> Q14.1 | D100: ='[4]Composição (2)'!D112 -> PAREDE COM SISTEMA EM CHAPAS DE GESSO RU (ÁREA MOLHADA) PARA DRYWALL, USO INTERNO, COM UMA FACE SIMPLES E ESTRUTURA METÁLICA COM GUIA SIMPLES PARA PAREDES COM ÁREA LÍQUIDA MAIOR OU IGUAL A 6 M2. | E100: M2 | F100: =(0.2+0.25+0.25+0.4+0.25+0.4)*3.6 -> 6.3 | G100: 91.409 | H100: 0.264 | I100: =ROUND((G100*(1+H100)),2) -> 115.54 | J100: =ROUND((I100*F100),2) -> 727.9
A101: 3.2.3 | B101: SINAPI | C101: 104719 | D101: PAREDE COM SISTEMA EM CHAPAS DE GESSO PARA DRYWALL, USO INTERNO, COM DUAS FACES SIMPLES E ESTRUTURA METÁLICA COM GUIAS DUPLAS PARA PAREDES COM ÁREA LÍQUIDA MENOR QUE 6 M2, COM VÃOS. AF_07/2023_PS | E101: M2 | F101: 0 | G101: 164.4835 | H101: 0.264 | I101: =ROUND((G101*(1+H101)),2) -> 207.91 | J101: =ROUND((I101*F101),2) -> 0
A102: 3.2.4 | B102: SINAPI | C102: 88495 | D102: EMASSAMENTO COM MASSA LÁTEX, APLICAÇÃO EM PAREDE, UMA DEMÃO, LIXAMENTO MANUAL. AF_04/2023 | E102: M2 | F102: =F99*2 -> 28.9352 | G102: 11.5685 | H102: 0.264 | I102: =ROUND((G102*(1+H102)),2) -> 14.62 | J102: =ROUND((I102*F102),2) -> 423.03
...

Sheet Cronograma Físico-Financeiro
A1: PLANILHA DE CRONOGRAMA FÍSICO-FINANCEIRO | Q1: PLANILHA 01
A2: MUNICÍPIO: QUILOMBO - SC | Q2: FOLHA Nº
A3: PROJETO: PROJETO DE ADEQUAÇÃO À ACESSIBILIDADE, REFORMA E AMPLIAÇÃO DO GINÁSIO DE ESPORTES MUNICIPAL - CENTRO - QUILOMBO/SC ÁREA DE ADEQUAÇÃO: 2.225,60 m² | Q3: 002/005
A5: LOCALIZAÇÃO: Rua dos Esportes - Centro, Quilombo - SC | Q5: Data:
Q6: 46113
A7: Data de referência dos custos: 02/2026 - DESONERADO | G7: Periodicidade das etapas: Mensal
A9: ITEM | B9: DISCRIMINAÇÃO DOS SERVIÇOS | C9: PERÍODO | Q9: TOTAL
C10: Etapa 01 | E10: Etapa 02 | G10: Etapa 03 | I10: Etapa 04 | K10: Etapa 05 | M10: Etapa 06 | O10: Etapa 07
C11: R$ | D11: % | E11: R$ | F11: % | G11: R$ | H11: % | I11: R$ | J11: % | K11: R$ | L11: % | M11: R$ | N11: % | O11: R$ | P11: % | Q11: R$ | R11: %
A12: 1 | B12: ='ORÇAMENTO GINÁSIO'!D11 -> SERVIÇOS PRELIMINARES | C12: =Q12*D12 -> 9850.818 | D12: 0.15 | E12: =Q12*F12 -> 9850.818 | F12: 0.15 | G12: =Q12*H12 -> 9850.818 | H12: 0.15 | I12: =Q12*J12 -> 9850.818 | J12: 0.15 | K12: =Q12*L12 -> 9850.818 | L12: 0.15 | M12: =Q12*N12 -> 9850.818 | N12: 0.15 | O12: =Q12*P12 -> 6567.212 | P12: 0.1 | Q12: ='[4]Orcamento Administração'!J19 -> 65672.12 | R12: =SUM(D12,F12,H12,J12,L12,N12,P12) -> 1
A13: 2 | B13: ='ORÇAMENTO GINÁSIO'!D21 -> DEMOLIÇÕES E REMOÇÕES | C13: =Q13*D13 -> 64917.07 | D13: 1 | Q13: ='[4]Orcamento Administração'!J78 -> 64917.07 | R13: =SUM(D13,F13,H13,J13,L13,N13,P13) -> 1
A14: 3 | B14: ='ORÇAMENTO GINÁSIO'!D80 -> CONSTRUÇÃO PAVTO TÉRREO - FRENTE | G14: =Q14*H14 -> 365403.45 | H14: 0.7 | I14: =Q14*J14 -> 156601.48 | J14: 0.3 | Q14: ='[4]Orcamento Administração'!J149 -> 522004.93 | R14: =SUM(D14,F14,H14,J14,L14,N14,P14) -> 1
A15: 4 | B15: ='ORÇAMENTO GINÁSIO'!D150 -> CONSTRUÇÃO SEGUNDO PAVTO - FRENTE | I15: =Q15*J15 -> 131843.49 | J15: 0.6 | K15: =Q15*L15 -> 87895.66 | L15: 0.4 | Q15: ='[4]Orcamento Administração'!J194 -> 219739.15 | R15: =SUM(D15,F15,H15,J15,L15,N15,P15) -> 1
A16: 5 | B16: ='ORÇAMENTO GINÁSIO'!D195 -> CONSTRUÇÃO COBERTURA/PLATIBANDA - FRENTE | K16: =Q16*L16 -> 73830.759 | L16: 0.3 | M16: =Q16*N16 -> 172271.77 | N16: 0.7 | Q16: ='[4]Orcamento Administração'!J225 -> 246102.53 | R16: =SUM(D16,F16,H16,J16,L16,N16,P16) -> 1
A17: 6 | B17: ='ORÇAMENTO GINÁSIO'!D226 -> CONSTRUÇÃO PAVTO TÉRREO - FUNDOS | I17: =Q17*J17 -> 225204.57 | J17: 0.4 | K17: =Q17*L17 -> 337806.85 | L17: 0.6 | Q17: ='[4]Orcamento Administração'!J315 -> 563011.42 | R17: =SUM(D17,F17,H17,J17,L17,N17,P17) -> 1
A18: 7 | B18: ='ORÇAMENTO GINÁSIO'!D316 -> CONSTRUÇÃO SEGUNDO PAVTO - FUNDOS | K18: =Q18*L18 -> 119893.79 | L18: 0.7 | M18: =Q18*N18 -> 51383.052 | N18: 0.3 | Q18: ='[4]Orcamento Administração'!J340 -> 171276.84 | R18: =SUM(D18,F18,H18,J18,L18,N18,P18) -> 1
A19: 8 | B19: ='ORÇAMENTO GINÁSIO'!D341 -> CONSTRUÇÃO COBERTURA/PLATIBANDA - FUNDOS | K19: =Q19*L19 -> 97707.365 | L19: 0.7 | M19: =Q19*N19 -> 41874.585 | N19: 0.3 | Q19: ='[4]Orcamento Administração'!J359 -> 139581.95 | R19: =SUM(D19,F19,H19,J19,L19,N19,P19) -> 1
A20: 9 | B20: ='ORÇAMENTO GINÁSIO'!D360 -> CLIMATIZAÇÃO | M20: =Q20*N20 -> 57481.02 | N20: 0.5 | O20: =Q20*P20 -> 57481.02 | P20: 0.5 | Q20: ='[4]Orcamento Administração'!J362 -> 114962.04 | R20: =SUM(D20,F20,H20,J20,L20,N20,P20) -> 1
A21: 10 | B21: ='ORÇAMENTO GINÁSIO'!D363 -> HIDRÁULICA | I21: =Q21*J21 -> 12293.88 | J21: 0.2 | K21: =Q21*L21 -> 18440.82 | L21: 0.3 | M21: =Q21*N21 -> 12293.88 | N21: 0.2 | O21: =Q21*P21 -> 18440.82 | P21: 0.3 | Q21: ='[4]Orcamento Administração'!J384 -> 61469.4 | R21: =SUM(D21,F21,H21,J21,L21,N21,P21) -> 1
A22: 11 | B22: ='ORÇAMENTO GINÁSIO'!D385 -> ESGOTO E PLUVIAL | I22: =Q22*J22 -> 57155.046 | J22: 0.3 | K22: =Q22*L22 -> 57155.046 | L22: 0.3 | M22: =Q22*N22 -> 38103.364 | N22: 0.2 | O22: =Q22*P22 -> 38103.364 | P22: 0.2 | Q22: ='[4]Orcamento Administração'!J432 -> 190516.82 | R22: =SUM(D22,F22,H22,J22,L22,N22,P22) -> 1
A23: 12 | B23: ='ORÇAMENTO GINÁSIO'!D433 -> ACESSIBILIDADE GERAL | O23: =Q23*P23 -> 16523.19 | P23: 1 | Q23: ='[4]Orcamento Administração'!J442 -> 16523.19 | R23: =SUM(D23,F23,H23,J23,L23,N23,P23) -> 1
A24: 13 | B24: ='ORÇAMENTO GINÁSIO'!D443 -> REFORMA QUADRA | E24: =Q24*F24 -> 172302.8 | F24: 0.5 | G24: =Q24*H24 -> 172302.8 | H24: 0.5 | Q24: ='[4]Orcamento Administração'!J468 -> 344605.59 | R24: =SUM(D24,F24,H24,J24,L24,N24,P24) -> 1
A25: 14 | B25: ='ORÇAMENTO GINÁSIO'!D469 -> ÁREA EXTERNA E PAISAGISMO | M25: =Q25*N25 -> 14015.798 | N25: 0.2 | O25: =Q25*P25 -> 56063.192 | P25: 0.8 | Q25: ='[4]Orcamento Administração'!J480 -> 70078.99 | R25: =SUM(D25,F25,H25,J25,L25,N25,P25) -> 1
A26: 15 | B26: ='ORÇAMENTO GINÁSIO'!D481 -> LIMPEZA FINAL DE OBRA | P26: 1 | Q26: ='[4]Orcamento Administração'!J483 -> 4184.13 | R26: =SUM(D26,F26,H26,J26,L26,N26,P26) -> 1
A27: TOTAL NO MÊS (SIMPLES) | C27: =SUM(C12:C26) -> 74767.888 | D27: =(C27/$Q$27) -> 0.026753973 | E27: =SUM(E12:E26) -> 182153.61 | F27: =E27/$Q$27 -> 0.06517949 | G27: =SUM(G12:G26) -> 547557.06 | H27: =G27/$Q$27 -> 0.19593073 | I27: =SUM(I12:I26) -> 592949.28 | J27: =I27/$Q$27 -> 0.21217329 | K27: =SUM(K12:K26) -> 802581.11 | L27: =K27/$Q$27 -> 0.28718523 | M27: =SUM(M12:M26) -> 397274.29 | N27: =M27/$Q$27 -> 0.14215549 | O27: =SUM(O12:O26) -> 193178.8 | P27: =O27/$Q$27 -> 0.0691246 | Q27: =SUM(Q12:Q26) -> 2794646.2 | R27: =Q27/O28 -> 1.0014994
A28: TOTAL NO MÊS (ACUMULADO) | C28: =C27 -> 74767.888 | D28: =D27 -> 0.026753973 | E28: =C28+E27 -> 256921.5 | F28: =D28+F27 -> 0.091933463 | G28: =E28+G27 -> 804478.57 | H28: =F28+H27 -> 0.28786419 | I28: =G28+I27 -> 1397427.8 | J28: =H28+J27 -> 0.50003749 | K28: =I28+K27 -> 2200009 | L28: =J28+L27 -> 0.78722272 | ... P28: =N28+P27 -> 0.99850281
A29: ITEM | B29: DISCRIMINAÇÃO DOS SERVIÇOS | C29: PERÍODO | Q29: TOTAL
C30: Etapa 01 | E30: Etapa 02 | G30: Etapa 03 | I30: Etapa 04 | K30: Etapa 05 | M30: Etapa 06 | O30: Etapa 07
C31: R$ | D31: % | E31: R$ | F31: % | G31: R$ | H31: % | I31: R$ | J31: % | K31: R$ | L31: % | M31: R$ | N31: % | O31: R$ | P31: % | Q31: R$ | R31: %
A32: 16 | B32: ='ORÇAMENTO GINÁSIO'!D484 -> ESTRUTURAL FRENTE | C32: =Q32*D32 -> 271705.71 | D32: 0.5 | E32: =Q32*F32 -> 271705.71 | F32: 0.5 | Q32: ='ORÇAMENTO GINÁSIO'!J613 -> 543411.43 | R32: =SUM(D32,F32,H32,J32,L32,N32,P32) -> 1
A33: 17 | B33: ='ORÇAMENTO GINÁSIO'!D614 -> ESTRUTURAL FUNDOS | G33: =Q33*H33 -> 179033.74 | H33: 0.5 | I33: =Q33*J33 -> 179033.74 | J33: 0.5 | Q33: ='ORÇAMENTO GINÁSIO'!J723 -> 358067.48 | R33: =SUM(D33,F33,H33,J33,L33,N33,P33) -> 1
A34: 18 | B34: ='ORÇAMENTO GINÁSIO'!D724 -> INSTALAÇÕES ELÉTRICAS | I34: =Q34*J34 -> 61844.46 | J34: 0.25 | K34: =Q34*L34 -> 61844.46 | L34: 0.25 | M34: =Q34*N34 -> 61844.46 | N34: 0.25 | O34: =Q34*P34 -> 61844.46 | P34: 0.25 | Q34: ='ORÇAMENTO GINÁSIO'!J814 -> 247377.84 | R34: =SUM(D34,F34,H34,J34,L34,N34,P34) -> 1
A35: 19 | B35: ='ORÇAMENTO GINÁSIO'!D815 -> PPCI | I35: =Q35*J35 -> 5170.2775 | J35: 0.25 | K35: =Q35*L35 -> 5170.2775 | L35: 0.25 | M35: =Q35*N35 -> 5170.2775 | N35: 0.25 | O35: =Q35*P35 -> 5170.2775 | P35: 0.25 | Q35: ='ORÇAMENTO GINÁSIO'!J829 -> 20681.11 | R35: =SUM(D35,F35,H35,J35,L35,N35,P35) -> 1
A36: TOTAL NO MÊS (SIMPLES) | C36: =SUM(C32:C35) -> 271705.71 | D36: =(C36/$Q$36) -> 0.23231887 | E36: =SUM(E32:E35) -> 271705.71 | F36: =E36/$Q$36 -> 0.23231887 | G36: =SUM(G32:G35) -> 179033.74 | H36: =G36/$Q$36 -> 0.15308076 | I36: =SUM(I32:I35) -> 246048.48 | J36: =I36/$Q$36 -> 0.21038094 | K36: =SUM(K32:K35) -> 67014.737 | L36: =K36/$Q$36 -> 0.057300187 | M36: =SUM(M32:M35) -> 67014.737 | N36: =M36/$Q$36 -> 0.057300187 | O36: =SUM(O32:O35) -> 67014.737 | P36: =O36/$Q$36 -> 0.057300187 | Q36: =SUM(Q32:Q35) -> 1169537.9 | R36: =Q36/O37 -> 1
A37: TOTAL NO MÊS (ACUMULADO) | C37: =C36 -> 271705.71 | D37: =D36 -> 0.23231887 | E37: =C37+E36 -> 543411.43 | F37: =D37+F36 -> 0.46463774 | G37: =E37+G36 -> 722445.17 | H37: =F37+H36 -> 0.6177185 | I37: =G37+I36 -> 968493.65 | J37: =H37+J36 -> 0.82809944 | K37: =I37+K36 -> 1035508.4 | L37: =J37+L36 -> 0.88539963 | ... P37: =N37+P36 -> 1
A38: NOME E Nº CREA/CAU DO RESPONSÁVEL TÉCNICO: | M38: PREFEITO MUNICIPAL:
